 Dungeon Crawl Stone Soup version 0.18.1-6-gd335043 (webtiles) character file.

109 kae the Chopper (level 4, 0/40 HPs)
             Began as a Deep Dwarf Fighter on May 16, 2016.
             Slain by a gnoll
             ... wielding a +0 halberd
              (13 damage)
             ... on level 3 of the Dungeon.
             The game lasted 00:01:38 (1376 turns).

kae the Chopper (Deep Dwarf Fighter)                Turns: 1376, Time: 00:01:38

Health: 0/40       AC:  6    Str: 25    XL:     4   Next: 60%
Magic:  4/4        EV:  7    Int:  8    God:
Gold:   80         SH: 10    Dex: 12    Spells: 0 memorised, 3 levels left

rFire  . . .     SeeInvis .     a - +1 war axe
rCold  . . .     Gourm    .     b - +0 scale mail
rNeg   . . .     Faith    .     c - +0 shield
rPois  .         Spirit   .     x - +0 hat
rElec  .         Dismiss  .     (no cloak)
rCorr  .         Reflect  .     (no gloves)
SustAt +         Harm     .     (no boots)
MR     .....                    (no amulet)
Stlth  ..........               w - +4 ring of strength
                                r - ring of sustain attributes

@: non-regenerating, not resistant to hostile enchantments, extremely unstealthy
A: damage resistance, recharge devices, sense surroundings 1, slow regeneration
3
a: Device Recharging


You were on level 3 of the Dungeon.
You were not hungry.

You visited 1 branch of the dungeon, and saw 3 of its levels.

You collected 80 gold pieces.

Inventory:

Hand Weapons
 a - a +1 war axe (weapon)
Armour
 b - a +0 scale mail (worn)
 c - a +0 shield (worn)
 x - a +0 hat (worn)
Jewellery
 r - a ring of sustain attributes (left hand)
 w - a +4 ring of strength (right hand)
Wands
 e - a wand of heal wounds (5/9)
Scrolls
 g - a scroll of blinking
 p - 2 scrolls of remove curse
Potions
 d - a potion of might
 h - 2 potions of brilliance
 j - 3 potions of curing
 m - a potion of cure mutation
 n - a potion of lignification {unknown}
Comestibles
 f - 3 bread rations
 i - a beef jerky
 q - a slice of pizza
 s - 2 fruits
 t - a royal jelly


   Skills:
 - Level 2.6 Fighting
 + Level 5.4 Axes
 - Level 3.2 Armour
 - Level 3.2 Shields


You had 3 spell levels left.
You didn't know any spells.

Dungeon Overview and Level Annotations

Branches:
Dungeon (3/15)

Altars:
Nemelex Xobeh
Okawaru
Sif Muna


Innate Abilities, Weirdness & Mutations

You are resistant to damage.
You can recharge devices by infusing magical energy.
You passively map a small area around you.
You do not regenerate naturally.


Message History

You see here a bat corpse.
You butcher the bat corpse.
k - a chunk of flesh Unknown command.
Eating a chunk of flesh.
This raw flesh tastes terrible.
You continue eating. x2 2 gnolls come into view.
The gnoll shouts!
A gnoll comes into view. It is wielding a whip.
There are monsters nearby!
There are monsters nearby!
An adder comes into view.
The gnoll hits you with a halberd!
Your shield prevents you from hitting the gnoll.
The gnoll barely misses you.
You hit the gnoll but do no damage. You block the gnoll's attack.
You hit the gnoll.
The gnoll is moderately wounded.
The gnoll hits you with a halberd!
You die...

*.#.#
#.# , ,
.g. #.#
,
...*#.#
, S.
..# ,
#g #.#
,
#.##.#
* , ,
#g.#.#
, ,,
#.#.# ,
, #.#@#
, #.gg#
##..##
, ,
#...# ,
, *
##..#
,, #..#
* ##.#
, ,*
#.##
#..#


You could see 2 gnolls.

Vanquished Creatures
  Ijyb (D:2)
  2 adders (D:2)
  3 worms (D:2)
  A dart slug (D:1)
  2 giant geckos
  2 giant cockroaches
  12 goblins
  4 hobgoblins
  2 jackals (D:1)
  6 kobolds (D:1)
  A quokka (D:2)
  6 bats
  8 giant newts
  6 rats
56 creatures vanquished.

Notes
Turn   | Place    | Note
--------------------------------------------------------------
     0 | D:1      | kae the Deep Dwarf Fighter began the quest for the Orb.
     0 | D:1      | Reached XP level 1. HP: 20/20 MP: 1/1
    65 | D:1      | Reached skill level 3 in Axes
    65 | D:1      | Reached XP level 2. HP: 21/27 MP: 2/2
   315 | D:1      | Reached XP level 3. HP: 22/33 MP: 3/3
   704 | D:2      | Reached skill level 4 in Axes
   722 | D:2      | Noticed Ijyb
   733 | D:2      | Killed Ijyb
   755 | D:2      | Reached XP level 4. HP: 26/40 MP: 4/4
   791 | D:2      | Found an iron altar of Okawaru.
   813 | D:2      | Reached skill level 5 in Axes
   831 | D:2      | Found a sparkling altar of Nemelex Xobeh.
  1269 | D:2      | Found a deep blue altar of Sif Muna.
  1376 | D:3      | Slain by a gnoll

Skill      XL: |  1  2  3  4 |
---------------+-------------+-----
Axes           | 3 4 5 |  5.4
Fighting       | |  2.6
Armour         | |  3.2
Shields        | |  3.2

Action                   |  1- 3 |  4- 6 || total
-------------------------+-------+-------++-------
Melee: War axe           |    85 |    57 ||   142
  Use: Scroll            |       |     8 ||     8
  Eat: Chunk             |       |     2 ||     2
Armor: Scale mail        |    56 |    20 ||    76
Dodge: Dodged            |    37 |    21 ||    58
Block: Shield            |    65 |    26 ||    91
